 Dungeon Crawl Stone Soup version 0.25-a0-815-gab441bd002 (webtiles) character file.

Game seed: 10835399608024290330, levelgen mode: deterministic

28 Asagix the Skirmisher (level 2, -2/36 HPs)
             Began as a Demonspawn Berserker on Apr 20, 2020.
             Was a Follower of Trog.
             Slain by Robin
             ... wielding a +0 trident
              (7 damage)
             ... on level 2 of the Dungeon.
             The game lasted 00:02:39 (929 turns).

Asagix the Skirmisher (Demonspawn Berserker)         Turns: 929, Time: 00:02:40

Health: -2/36      AC:  3    Str: 17    XL:     2   Next: 96%
Magic:  2/2        EV: 12    Int:  8    God:    Trog [*.....]
Gold:   59         SH:  4    Dex: 12    Spells: 1/1 levels left

rFire    . . .     SeeInvis .   a - +0 falchion
rCold    . . .     Gourm    .   (no shield)
rNeg     . . .     Faith    .   b - +0 animal skin
rPois    .         Spirit   .   (no helmet)
rElec    .         Reflect  .   (no cloak)
rCorr    .         Harm     .   e - +0 pair of gloves
MR       +....                  (no boots)
Stlth    ..........             (no amulet)
HPRegen  0.12/turn              d - ring of protection from magic
MPRegen  0.08/turn              (no ring)

@: berserking (expiring), very quick
A: large bone plates 1
a: Berserk, Renounce Religion


You were on level 2 of the Dungeon.
You worshipped Trog.
Trog was aware of your devotion.
You were hungry.

You visited 1 branch of the dungeon, and saw 2 of its levels.

You collected 59 gold pieces.

Inventory:

Hand Weapons
 a - a +0 falchion (weapon)
Armour
 b - a +0 animal skin (worn)
 e - a +0 pair of gloves (worn)
Jewellery
 d - a ring of protection from magic (left hand)
Scrolls
 f - a scroll of teleportation {unknown}
 g - 2 scrolls of blinking {unknown}
 h - 2 scrolls of remove curse {unknown}
 k - a scroll of identify
Potions
 i - a potion of brilliance {unknown}
 j - a potion of invisibility {unknown}
 l - a potion of curing {unknown}
Comestibles
 c - 2 rations


   Skills:
 + Level 3.4 Fighting
 + Level 3.2 Long Blades
 + Level 1.8 Armour
 + Level 2.1 Dodging


You had one spell level left.
You didn't know any spells.
Your spell library was empty.

Dungeon Overview and Level Annotations

Branches:
Dungeon (2/15)

Altars:

Annotations:
D:2 Robin


Innate Abilities, Weirdness & Mutations

You are partially covered in large bone plates. (SH +4)


Message History

The goblin hits you but does no damage. The goblin barely misses you.
You riposte.
You barely miss the goblin. You barely miss the goblin.
The goblin is moderately wounded.
The goblin no longer looks unusually strong. x2
A hobgoblin comes into view. It is wielding a +0 club.
A rat comes into view.
You block the goblin's attack.
You slash the goblin!
You kill the goblin!
Trog accepts your kill.
The goblin no longer looks unusually strong.
The goblin hits you.
* * * LOW HITPOINT WARNING * * *
Robin closely misses you.
You hit the goblin.
You kill the goblin!
Trog accepts your kill.
Robin hits you from afar with a +0 trident!
You die...

####.###### #.....#
#.#...#
############.#######
....>..............#
#...........#####.####
.#.........# #.....
#)#######.# ###### #@#
#.# #)# #.# #g# #.#
#g# #.########


gg. #.......)) ..... ########## g.gr..# ....#### ..g.. You could see Robin, a
hobgoblin, 3 goblins and a rat.

Vanquished Creatures
  A dart slug (D:1)
  A leopard gecko (D:1)
  2 ball pythons (D:1)
  A bat (D:1)
  A giant cockroach (D:1)
  7 goblins
  4 hobgoblins
  A frilled lizard (D:1)
  2 kobolds (D:2)
20 creatures vanquished.

Notes
Turn   | Place    | Note
-------+----------+-------------------------------------------
     0 | D:1      | Asagix the Demonspawn Berserker began the quest for the
                  | Orb.
     0 | D:1      | Reached XP level 1. HP: 18/18 MP: 1/1
   568 | D:1      | Gained mutation: You are partially covered in large bone
                  | plates. (SH +4) [demonic ancestry]
   568 | D:1      | Reached XP level 2. HP: 24/24 MP: 2/2
   911 | D:2      | Noticed Robin
   929 | D:2      | Slain by Robin

Levels and vault maps discovered:
D:1:      elethiomel_arrival_maze, layout_loops_corners
D:2:      layout_basic, kiku_gazebo_pond_becter, first_ration,
          lemuel_statue_altar, uniq_robin

Skill      XL: |  1  2 |
---------------+-------+-----
Dodging        | 2 |  2.1
Long Blades    | 3 |  3.2
Fighting       | |  3.4
Armour         | |  1.8

Action                   || total
-------------------------++-------
Melee: Falchion          ||    51
Invok: Berserk           ||     1
  Use: Scroll            ||     1
 Stab: Sleeping          ||     1
Armor: Animal skin       ||    14
Dodge: Dodged            ||    38
Block: Other             ||     5
       Rpst.: Falchion   ||    13

Table legend:
 A = Non-vault XP
 B = Vault XP
 C = Vault XP percentage of total XP
 D = Non-vault monster count
 E = Vault monster count
 F = Vault count percentage of total count
                 A         B        C        D         E       F
            +---------+---------+-------+---------+---------+-------
      Total |      28 |      12 |  30.0 |      14 |       6 |  30.0
            +---------+---------+-------+---------+---------+-------
        D:1 |      23 |       0 |   0.0 |      11 |       0 |   0.0
        D:2 |       5 |      12 |  70.6 |       3 |       6 |  66.7
            +---------+---------+-------+---------+---------+-------
